 Dungeon Crawl Stone Soup version 0.23.2-33-g5129a83184 (webtiles) character file.

Game seed: 5899253500959427210

27999 AarnesTheHuman the Fighter (level 13, -1/109 HPs)
             Began as a Barachi Fighter on Aug 6, 2019.
             Was a High Priest of Makhleb.
             Killed from afar by a lindwurm (32 damage)
             ... with a blast of flame
             ... on level 5 of the Lair of Beasts.
             The game lasted 01:15:37 (16903 turns).

AarnesTheHuman the Fighter (Barachi Fighter)       Turns: 16903, Time: 01:15:38

Health: -1/109     AC: 10    Str: 24    XL:     13   Next: 36%
Magic:  17/26      EV:  9    Int: 11    God:    Makhleb [*****.]
Gold:   471        SH: 21    Dex: 15    Spells: 16/31 levels left

rFire    . . .     SeeInvis .   E - +6 spear of Hell's Wrath {venom, MR+ Dex+2}
rCold    . . .     Gourm    .   c - +3 shield
rNeg     . . .     Faith    .   X - +1 ring mail {rPois}
rPois    +         Spirit   .   Q - +0 helmet
rElec    .         Reflect  +   o - +0 cloak
rCorr    .         Harm     .   (no gloves)
MR       +....                  (no boots)
Stlth    +.........             w - +5 amulet of reflection
HPRegen  0.28/turn              k - +5 ring of strength
MPRegen  0.20/turn              C - ring of wizardry

@: very slightly contaminated, slow
A: +LOS, swims, slowness 1, strong legs 2
a: Hop, Minor Destruction, Lesser Servant of Makhleb, Major Destruction, Greater
Servant of Makhleb, Renounce Religion


You were on level 5 of the Lair of Beasts.
You worshipped Makhleb.
Makhleb was extremely pleased with you.
You were not hungry.

You visited 3 branches of the dungeon, and saw 17 of its levels.

You collected 1026 gold pieces.
You spent 555 gold pieces at shops.

Inventory:

Hand Weapons
 E - the +6 spear of Hell's Wrath (weapon) {venom, MR+ Dex+2}
   (You found it on level 4 of the Dungeon)

   It poisons the flesh of those it strikes.
   It affects your dexterity (+2).
   It affects your resistance to hostile enchantments.
 U - a cursed +1 falchion of electrocution
 Y - a +0 battleaxe of chopping
Armour
 b - a +0 scale mail
 c - a +3 shield (worn)
 o - a +0 cloak (worn)
 s - a +1 robe of magic resistance
 Q - a +0 helmet (worn)
 X - a +1 ring mail of poison resistance (worn)
Jewellery
 a - an uncursed ring of protection from magic
 k - a +5 ring of strength (left hand)
 p - an uncursed ring of stealth
 v - an uncursed ring of see invisible
 w - a +5 amulet of reflection (around neck)
 y - an uncursed ring of ice
 C - a ring of wizardry (right hand)
 J - an uncursed amulet of guardian spirit
 O - an uncursed amulet of faith {unknown}
 R - the ring "Rugo" {rCorr MP+9 Stlth+}
   (You found it on level 9 of the Dungeon)

   [ring of resist corrosion]

   It affects your magic capacity (+9).
   It makes you more stealthy.
 S - a +6 ring of dexterity {unknown}
 V - an uncursed ring of stealth
Wands
 j - a wand of random effects (23)
 u - a wand of disintegration (25)
 B - a wand of polymorph (19)
 M - a wand of paralysis (8)
 N - a wand of iceblast (15)
 T - a wand of digging (10)
Scrolls
 h - 5 scrolls of remove curse
 i - 8 scrolls of fear
 m - 5 scrolls of teleportation
 r - 7 scrolls of identify
 A - a scroll of enchant weapon
 F - a scroll of magic mapping
 H - 2 scrolls of torment
 L - 2 scrolls of amnesia
 P - 2 scrolls of blinking
 W - a scroll of brand weapon {unknown}
Potions
 d - 3 potions of might
 e - 8 potions of curing
 g - 3 potions of flight {unknown}
 l - 2 potions of cancellation
 n - 2 potions of heal wounds
 q - 5 potions of berserk rage
 t - 2 potions of magic
 x - a potion of agility
 z - 3 potions of resistance
 D - a potion of lignification
 I - 2 potions of haste
 K - 2 potions of brilliance
Comestibles
 f - 22 rations
 G - a chunk of flesh


   Skills:
 - Level 12.3 Fighting
 - Level 4.6 Long Blades
 - Level 5.6 Axes
 - Level 8.3 Armour
 + Level 11.0 Shields
 * Level 9.9 Spellcasting
 + Level 4.8 Conjurations
 + Level 4.3 Summonings
 + Level 0.6 Translocations
 - Level 11.7 Ice Magic


You had 16 spell levels left.
You knew the following spells:

 Your Spells              Type           Power        Failure   Level  Hunger
a - Freeze                Ice            ####         1%          1    None
b - Summon Ice Beast      Ice/Summ       ###.....     4%          4    ####...
c - Throw Frost           Conj/Ice       ###...       1%          2    None
d - Blink                 Tloc           N/A          14%         2    None
e - Conjure Flame         Conj/Fire      ##......     14%         3    ##.....
f - Mephitic Cloud        Conj/Pois/Air  #.......     19%         3    ##.....

Your spell library contained the following spells:

 Spells                   Type           Power        Failure   Level  Hunger
 Magic Dart               Conj           ###.         1%          1    None
 Call Imp                 Summ           ###.....     3%          2    None
 Ozocubu's Armour         Chrm/Ice       ###.....     3%          3    ##.....
 Throw Icicle             Conj/Ice       ###.....     4%          4    ####...
 Shroud of Golubria       Chrm/Tloc      #.........   16%         2    None
 Slow                     Hex            #.......     19%         2    None
 Gell's Gravitas          Tloc           #.........   26%         3    ##.....
 Lesser Beckoning         Tloc           #.........   26%         3    ##.....
 Teleport Other           Tloc           #.......     26%         3    ##.....
 Passage of Golubria      Tloc           N/A          65%         4    ####...


Dungeon Overview and Level Annotations

Branches:
Dungeon (11/15)            Temple (1/1) D:5            Lair (5/6) D:10
  Swamp (0/4) Lair:4        Snake (0/4) Lair:2        Slime (0/5) Lair:5
    Orc (0/2) D:10

Altars:
Ashenzari
Cheibriados
Dithmenos
Elyvilon
Fedhas
Gozag
Hepliaklqana
Kikubaaqudgha
Makhleb
Nemelex Xobeh
Okawaru
Qazlal
Ru
Sif Muna
Trog
Uskayaw
Vehumet
Wu Jian
Xom
Yredelemnul
Zin
The Shining One
Jiyva

Shops:
D:9 !=?%   D:10 *

Annotations:
D:5 2 transporters
Lair:2 exclusion: 3 electric eels
Lair:3 exclusion: oklob plant
Lair:4 exclusions: downstairs and oklob plant


Innate Abilities, Weirdness & Mutations

Shadows flee at your approach. (+LOS)
You can swim through water.
You cover ground slowly.
You can hop long distances.


Message History

* * * LOW HITPOINT WARNING * * *
The lindwurm closely misses you. The lindwurm misses you.
You barely miss the lindwurm.
The lindwurm is severely wounded.
Your ice beast hits the lindwurm but does no damage.
The lindwurm bites you!
* * * LOW HITPOINT WARNING * * *
You block the lindwurm's attack. x2
Your ice beast hits the lindwurm but does no damage.
You feel much better.
The lindwurm barely misses your ice beast.
The lindwurm closely misses your ice beast.
The lindwurm claws your ice beast.
Your ice beast completely misses the lindwurm.
You catch the helpless lindwurm completely off-guard!
You hit the lindwurm.
The lindwurm looks as sick as possible!
The lindwurm is almost dead.
The lindwurm breathes flames at you. The blast of flame hits you!!
You die...

##..................#
#P.._>...........#..#
#......#.......#.####
#.#...........#### ##
###...#...........##P
#.......#.####......
#........## #..#..
#.....#### ##...
##^@Y.P# ##.. #.k...#
#P. #.....## ##P
#........ #.
##.....P## ##
......## #. #.......
## ##....P## #
#.....# ####


You could see a lindwurm and a friendly ice beast.

Vanquished Creatures
  Fannar (Lair:3)
  A hydra (Lair:3)
  Erolcha (D:9)
  A two-headed ogre (D:7)
  A black mamba (Lair:4)
  9 spiny frogs
  6 komodo dragons
  2 rime drakes (Lair:5)
  A troll (D:9)
  3 tyrant leeches (Lair:4)
  11 blink frogs
  2 hornets (D:9)
  2 dream sheep (Lair:4)
  2 hippogriffs (D:10)
  34 yaks
  A wyvern (Lair:1)
  5 basilisks
  A hungry ghost (D:7)
  A swamp worm (Lair:4)
  4 nagas (Lair:2)
  7 water moccasins
  10 porcupines
  2 orc warriors
  3 ice beasts
  4 phantoms
  A sky beast (D:9)
  A necrophage (D:9)
  2 centaurs
  5 ogres
  6 wolves (Lair:2)
  10 crocodiles
  11 bullfrogs
  A gnoll sergeant (D:7)
  4 killer bees
  A scorpion (Lair:1)
  5 wights (D:11)
  3 howler monkeys
  3 crimson imps
  A centaur zombie (D:7)
  2 hounds
  2 bullfrog skeletons (D:10)
  2 centaur skeletons
  3 orc priests
  7 jellies
  7 orc wizards
  Natasha (thrice) (D:4)
  8 worker ants
  A worker ant zombie (D:4)
  8 gnolls
  8 adders
  4 shadow imps
  13 oozes
  2 adder zombies
  3 worms
  3 dart slugs
  3 leopard geckos
  38 orcs
  2 ball pythons
  17 bats
  4 giant cockroaches
  10 goblins
  6 hobgoblins
  6 jackals
  6 quokkas
  6 frilled lizards
  5 kobolds
  A leopard gecko skeleton (D:6)
  A quokka skeleton (D:5)
  8 rats
  A fungus (Lair:1)
  A plant (Lair:4)
360 creatures vanquished.

Vanquished Creatures (collateral kills)
  4 hydras
  A blink frog (Lair:3)
  8 dream sheep (Lair:4)
  A hippogriff (Lair:3)
  A yak (Lair:4)
  A basilisk (Lair:4)
  2 bullfrogs (Lair:3)
18 creatures vanquished.

Vanquished Creatures (others)
  A naga (Lair:2)
  3 centaurs
  9 fungi
  A plant (Lair:2)
14 creatures vanquished.

Grand Total: 392 creatures vanquished

Notes
Turn   | Place    | Note
-------+----------+-------------------------------------------
     0 | D:1      | AarnesTheHuman the Barachi Fighter began the quest for the
                  | Orb.
     0 | D:1      | Reached XP level 1. HP: 18/18 MP: 1/1
    19 | D:1      | Reached XP level 2. HP: 13/25 MP: 2/2
   330 | D:1      | Reached skill level 4 in Fighting
   330 | D:1      | Reached XP level 3. HP: 15/30 MP: 3/3
   954 | D:2      | Reached XP level 4. HP: 34/37 MP: 4/4
  2151 | D:3      | Found a hazy altar of Hepliaklqana.
  2151 | D:3      | Found a glowing golden altar of the Shining One.
  2159 | D:3      | Reached XP level 5. HP: 38/43 MP: 5/5
  2561 | D:4      | Noticed Natasha
  2880 | D:4      | Killed Natasha
  3097 | D:4      | Noticed Natasha
  3108 | D:4      | Killed Natasha
  3258 | D:4      | Reached skill level 5 in Fighting
  3258 | D:4      | Reached skill level 5 in Armour
  3258 | D:4      | Reached XP level 6. HP: 37/51 MP: 6/6
  3378 | D:4      | Noticed Natasha
  3382 | D:4      | Noticed a phantom
  3385 | D:4      | Killed Natasha
  3412 | D:4      | Got an iridescent spear
  3461 | D:4      | Killed a phantom
  3701 | D:4      | Identified the +6 spear of Hell's Wrath {venom, MR+ Dex+2}
                  | (You found it on level 4 of the Dungeon)
  3718 | D:4      | Got a smoking war axe
  3719 | D:4      | Identified the +9 war axe of Iqub {freeze, Fragile +Rage
                  | Int+4} (You found it on level 4 of the Dungeon)
  4011 | D:5      | Entered Level 5 of the Dungeon
  4011 | D:5      | Found a transporter.
  4011 | D:5      | Found a transporter.
  4018 | D:5      | Reached skill level 1 in Axes
  4018 | D:5      | Reached skill level 5 in Shields
  4018 | D:5      | Reached XP level 7. HP: 56/56 MP: 7/7
  4289 | D:5      | Reached skill level 6 in Fighting
  4329 | D:5      | Found a staircase to the Ecumenical Temple.
  4336 | Temple   | Entered the Ecumenical Temple
  4353 | Temple   | Became a worshipper of Makhleb the Destroyer
  4393 | D:5      | Found an ancient bone altar of Kikubaaqudgha.
  4393 | D:5      | Found a stormy altar of Qazlal.
  4394 | D:5      | Found a shattered altar of Ashenzari.
  4708 | D:6      | Reached XP level 8. HP: 50/65 MP: 8/8
  5244 | D:6      | Found a shadowy altar of Dithmenos.
  5254 | D:6      | Reached skill level 7 in Fighting
  5426 | D:7      | Reached * piety under Makhleb
  5455 | D:6      | Learned a level 1 spell: Freeze
  5510 | D:7      | Reached skill level 1 in Spellcasting
  5591 | D:7      | Reached XP level 9. HP: 72/72 MP: 10/10
  6394 | D:8      | Noticed a two-headed ogre
  6553 | D:8      | Reached skill level 5 in Axes
  6664 | D:8      | Found a glowing silver altar of Zin.
  6741 | D:8      | Reached skill level 1 in Ice Magic
  6940 | D:7      | Killed a two-headed ogre
  6940 | D:7      | Reached skill level 8 in Fighting
  7082 | D:9      | Found Moledes's Jewellery Boutique.
  7101 | D:9      | Learned a level 4 spell: Summon Ice Beast
  7163 | D:9      | Found Adwuop's Distillery.
  7171 | D:9      | Bought 2 potions of heal wounds for 150 gold pieces
  7171 | D:9      | Bought a potion of haste for 150 gold pieces
  7201 | D:9      | Found Daivosuniu's Magic Scroll Shoppe.
  7226 | D:9      | Bought a scroll of blinking for 90 gold pieces
  7230 | D:9      | Noticed a troll
  7237 | D:9      | Killed a troll
  7237 | D:9      | Reached XP level 10. HP: 68/82 MP: 12/14
  7307 | D:9      | Reached ** piety under Makhleb
  7309 | D:9      | Reached skill level 5 in Ice Magic
  7319 | D:9      | Got a warped wooden ring
  7321 | D:9      | Identified the ring "Rugo" {rCorr MP+9 Stlth+} (You found
                  | it on level 9 of the Dungeon)
  7358 | D:9      | Reached skill level 9 in Fighting
  7410 | D:9      | Noticed Erolcha
  7677 | D:9      | Killed Erolcha
  7683 | D:9      | Found Oxzonn's Food Boutique.
  7747 | D:10     | Entered Level 10 of the Dungeon
  8417 | D:10     | Found a staircase to the Orcish Mines.
  8713 | D:10     | Found Wybal's Assorted Antiques.
  8744 | D:10     | Bought a scroll of blinking for 165 gold pieces
  8858 | D:9      | Reached skill level 1 in Summonings
  8867 | D:9      | Reached XP level 11. HP: 61/90 MP: 18/18
  8871 | D:9      | Reached skill level 10 in Fighting
  9106 | D:10     | Reached skill level 5 in Spellcasting
  9155 | D:10     | Found a staircase to the Lair.
  9243 | D:10     | Found an opulent altar of Gozag.
  9489 | D:11     | Reached *** piety under Makhleb
  9565 | D:11     | Noticed an eight-headed hydra
  9598 | Lair:1   | Entered Level 1 of the Lair of Beasts
  9765 | D:10     | Learned a level 2 spell: Throw Frost
  9848 | Lair:1   | Reached skill level 1 in Conjurations
  9852 | Lair:1   | Reached skill level 10 in Shields
 10565 | Lair:1   | Learned a level 2 spell: Blink
 10853 | Lair:1   | Reached **** piety under Makhleb
 12222 | Lair:2   | Reached XP level 12. HP: 99/99 MP: 19/21
 12409 | Lair:2   | Reached skill level 11 in Fighting
 12790 | Lair:2   | Found a staircase to the Snake Pit.
 12900 | Lair:2   | Reached skill level 10 in Ice Magic
 13087 | Lair:3   | Noticed a four-headed hydra
 13104 | Lair:3   | Killed a four-headed hydra
 13576 | Lair:3   | Noticed Fannar
 13633 | Lair:3   | Killed Fannar
 14538 | Lair:4   | Reached ***** piety under Makhleb
 14921 | Lair:4   | Learned a level 3 spell: Conjure Flame
 14925 | Lair:4   | Learned a level 3 spell: Mephitic Cloud
 15009 | Lair:4   | Found a staircase to the Swamp.
 15504 | Lair:4   | Gained mutation: You can hop long distances. [Barachi
                  | growth]
 15504 | Lair:4   | Reached XP level 13. HP: 98/107 MP: 21/26
 15514 | Lair:4   | Reached skill level 12 in Fighting
 16865 | Lair:5   | Found a staircase to the Slime Pits.
 16866 | Lair:5   | Found a viscous altar of Jiyva.
 16903 | Lair:5   | Killed from afar by a lindwurm

Skill      XL: |  1  2  3  4  5  6  7  8  9 10 11 12 13 |
---------------+----------------------------------------+-----
Fighting       | 4 5 6 7 8 9 10 11 12 | 12.3
Long Blades    | 3 4 |  4.6
Armour         | 4 5 6 7 8 |  8.3
Shields        | 4 5 6 7 9 10 11 | 11.0
Axes           | 1 2 4 5 |  5.6
Spellcasting   | 1 2 4 6 9 |  9.9
Ice Magic      | 4 7 9 11 | 11.7
Summonings     | 1 3 4 |  4.3
Conjurations   | 2 3 4 |  4.8
Translocations | |  0.6

Action                   |  1- 3 |  4- 6 |  7- 9 | 10-12 | 13-15 || total
-------------------------+-------+-------+-------+-------+-------++-------
Melee: Long sword        |    88 |   221 |       |       |       ||   309
       War axe           |       |    14 |   184 |   264 |       ||   462
       Spear             |       |       |       |   344 |   168 ||   512
 Cast: Throw Frost       |       |       |       |    76 |    12 ||    88
       Freeze            |       |       |       |    55 |     5 ||    60
       Summon Ice Beast  |       |       |       |    17 |    13 ||    30
 Abil: Hop               |       |       |     1 |     2 |       ||     3
  Use: Scroll            |       |     9 |     7 |    14 |       ||    30
       Potion            |       |       |       |     3 |     1 ||     4
 Stab: Distracted        |       |       |       |       |     1 ||     1
  Eat: Chunk             |     1 |    11 |    11 |    19 |     7 ||    49
       Ration            |       |       |     1 |     4 |       ||     5
Armor: Scale mail        |    54 |   100 |    38 |    63 |       ||   255
       Leather armour    |       |       |       |     4 |       ||     4
       Ring mail         |       |       |       |    72 |    15 ||    87
Dodge: Dodged            |    36 |    68 |    56 |   127 |    13 ||   300
Block: Shield            |    72 |   121 |   167 |   603 |   126 ||  1089
       Reflection        |       |       |     7 |    16 |     1 ||    24
       Rpst.: Long sword |    12 |    28 |       |       |       ||    40
